AoeStats
← |GaoeG| flamingo

Arabia

508753161Analyzed
4v4 RM · 9d ago on Sep 23, 2026· 45m 20s· 8 players
Game mode
Random Map
Map size
Large (8 player)
Population
200
Speed
Normal
Resources
Standard
Victory
Conquest
Starting age
Dark Age
Ending age
Imperial Age
RankedLock teamsTeams togetherTeam positionsShared explorationLock speedFull tech treeHidden civsTurbo modeCheats
Victory
Defeat
🇩🇪 Khmer · Germany
1268
+13
🇸🇰 Byzantines · Slovakia
1262
+14
🇫🇷 Franks · France
1227
+15
1207
+16
🇪🇸 Britons · Spain
1250
-16
🇪🇸 Vietnamese · Spain
1244
-16
🇪🇸 Georgians · Spain
1197
-14
🇪🇸 Magyars · Spain
1137
-12
タタールが村に入った
5:27 Loom
9:08 Feudal Age
10:04 Double-Bit Axe
11:59 Scale Barding Armor
17:24 Forging
19:45 Bloodlines
22:41 Castle Age
22:55 Light Cavalry
25:16 Iron Casting
32:56 Wheelbarrow
33:57 Horse Collar
35:10 Husbandry
38:51 Imperial Age
38:55 Chain Barding Armor
39:22 Heavy Camel Rider
43:22 Blast Furnace
Alexiỗs
6:10 Loom
9:00 Feudal Age
9:36 Double-Bit Axe
18:56 Wheelbarrow
21:41 Castle Age
20:17 Scale Barding Armor
20:49 Forging
21:29 Gold Mining
22:49 Chain Barding Armor
22:41 Bow Saw
22:59 Husbandry
30:40 Stone Mining
31:27 Gold Shaft Mining
32:41 Fletching
37:59 Imperial Age
35:45 Hand Cart
35:16 Town Watch
37:04 Iron Casting
38:03 Cavalier
39:21 Plate Barding Armor
39:48 Blast Furnace
39:18 Conscription
39:41 Paladin
41:15 Masonry
41:04 Bodkin Arrow
42:31 Ballistics
45:52 Chemistry
44:58 Siege Engineers
BondTrustee
6:22 Loom
11:03 Feudal Age
11:49 Double-Bit Axe
16:16 Fletching
18:46 Padded Archer Armor
24:21 Castle Age
23:52 Gold Mining
24:31 Crossbowman
25:07 Bodkin Arrow
26:41 Leather Archer Armor
30:46 Bow Saw
34:24 Husbandry
34:35 Bloodlines
35:18 Wheelbarrow
36:00 Light Cavalry
45:17 Imperial Age
43:45 Forging
43:17 Horse Collar
rayquaza
4:05 Loom
11:06 Feudal Age
12:08 Horse Collar
12:20 Double-Bit Axe
15:31 Fletching
19:10 Scale Mail Armor
19:10 Padded Archer Armor
23:31 Wheelbarrow
23:51 Gold Mining
23:52 Stone Mining
23:50 Horse Collar
28:02 Castle Age
28:13 Elite Skirmisher
28:50 Bodkin Arrow
29:10 Leather Archer Armor
29:38 Crossbowman
31:41 Ballistics
34:15 Pikeman
34:55 Squires
36:16 Chain Mail Armor
40:07 Imperial Age
38:52 Forging
41:50 Thumb Ring
41:46 Bracer
42:16 Ring Archer Armor
43:15 Guard Tower
43:10 Arrowslits
44:25 Chemistry
|GaoeG| Joseba77
7:07 Loom
9:35 Feudal Age
10:06 Double-Bit Axe
16:22 Scale Barding Armor
19:36 Forging
24:04 Castle Age
23:17 Gold Mining
23:41 Bloodlines
25:08 Chain Barding Armor
25:08 Bow Saw
28:04 Husbandry
27:30 Light Cavalry
38:09 Iron Casting
47:03 Imperial Age
45:15 Wheelbarrow
|GaoeG|esparza
7:40 Loom
10:46 Feudal Age
19:46 Fletching
40:35 Castle Age
40:48 Crossbowman
42:14 Bodkin Arrow
44:16 Padded Archer Armor
ErafaE
3:14 Loom
9:50 Feudal Age
10:20 Double-Bit Axe
11:49 Wheelbarrow
17:38 Horse Collar
19:31 Bloodlines
25:24 Castle Age
26:15 Bow Saw
26:08 Heavy Plow
26:03 Pikeman
27:41 Hand Cart
28:13 Scale Barding Armor
29:48 Chain Barding Armor
30:53 Husbandry
44:44 Imperial Age
42:09 Gold Mining
43:24 Corvinian Army
|GaoeG| flamingo
6:28 Loom
9:28 Feudal Age
10:13 Double-Bit Axe
16:35 Fletching
21:38 Wheelbarrow
23:17 Town Watch
26:20 Castle Age
24:56 Horse Collar
25:09 Gold Mining
25:25 Padded Archer Armor
26:57 Crossbowman
27:39 Bodkin Arrow
29:36 Bow Saw
32:01 Bloodlines
34:56 Hand Cart
34:34 Stone Mining
34:57 Husbandry
36:09 Ballistics
36:21 Leather Archer Armor
37:19 Thumb Ring
43:29 Imperial Age
45:35 Chemistry
44:42 Bracer
Connection lost

Rejoining the realm…

Still unreachable

The connection could not be restored.

Session expired

The server has moved on; the page needs a fresh start.